 Dungeon Crawl Stone Soup version 0.14.2 (webtiles) character file.

501 epen the Slasher (level 6, -3/57 HPs)
             Began as a Tengu Berserker on June 26, 2019.
             Was a Believer of Trog.
             Slain by a big kobold
             ... wielding a +0,+2 short sword
              (6 damage)
             ... on Level 3 of the Dungeon.
             The game lasted 00:05:59 (2909 turns).

epen the Slasher (Tengu Berserker)                  Turns: 2909, Time: 00:05:59

HP  -3/57        AC  5     Str 24      XL: 6   Next: 92%
MP   8/8         EV 11     Int  8      God: Trog [**....]
Gold 85          SH  0     Dex 13      Spells:  0 memorised,  5 levels left

rFire  . . .     SeeInvis +     a - +0 falchion
rCold  . . .     Clarity  .     p - +0 ring mail
rNeg   . . .     Conserve .     (no shield)
rPois  .         rCorr    .     (helmet restricted)
rElec  .         rRot     .     (no cloak)
SustAb . .       Spirit   .     (no gloves)
rMut   .         Warding  .     (boots unavailable)
Saprov . . .     Stasis   .     (no amulet)
MR     .....                    (no ring)
                                i - ring of see invisible {unknown}

@: berserking (expiring), very quick, not resistant to hostile enchantments,
extremely unstealthy
A: able to fly, beak, talons 3
a: Fly, Burn Spellbooks, Berserk, Trog's Hand, Renounce Religion


You were on level 3 of the Dungeon.
You worshipped Trog.
Trog was pleased with you.
You were not hungry.

You visited 1 branch of the dungeon, and saw 3 of its levels.

You collected 85 gold pieces.

Inventory:

Hand weapons
 a - a +0,+0 falchion (weapon)
Armour
 p - a +0 ring mail (worn)
Scrolls
 b - a scroll of remove curse {unknown}
 c - a scroll of fog {unknown}
 e - a scroll of recharging {unknown}
 l - 2 scrolls of identify {unknown}
 m - a scroll of immolation {unknown}
 q - a scroll of blinking {unknown}
Jewellery
 i - a ring of see invisible (left hand) {unknown}
Potions
 d - a potion of invisibility {unknown}
 g - a potion of haste {unknown}
 h - a potion of might {unknown}
 k - 4 potions of curing {unknown}
 n - a potion of beneficial mutation {unknown}
Carrion
 s - a bat skeleton


   Skills:
 + Level 4.2 Fighting
 * Level 5.9 Long Blades
 + Level 3.8 Armour
 + Level 3.8 Dodging


You had 5 spell levels left.
You didn't know any spells.

Dungeon Overview and Level Annotations

Branches:
Dungeon (3/15)

Altars:
Elyvilon
Makhleb
Yredelemnul
Zin
The Shining One


Innate Abilities, Weirdness & Mutations

You can fly.
You have a beak for a mouth.
You have claws for feet.


Message History

The gnoll is heavily wounded.
The gnoll misses you.
You barely miss the gnoll.
The gnoll is heavily wounded.
You barely miss the gnoll. You claw the gnoll.
The gnoll is almost dead.
The gnoll closely misses you.
You slash the gnoll!
You kill the gnoll!
Trog accepts your kill.
You slash the hobgoblin!
You kill the hobgoblin!
Trog accepts your kill.
You barely miss the big kobold. Your kick misses the big kobold.
Your peck misses the big kobold.
The big kobold hits you with a short sword.
* * * LOW HITPOINT WARNING * * *
You barely miss the big kobold.
The big kobold hits you with a short sword.
You die...

### #.. ########
##### #.. #......##
##.... ..
#.......###.....
#'##........#......
#...........#......
#))).......('......
#)@).......(#......
#K##......((#......
#..
#....(..###.....
#.. #(.....##
##.... #.. ########
##### ###


You could see a big kobold.

Vanquished Creatures
  3 big kobolds (D:3)
  2 hounds
  4 gnolls (D:3)
  2 adders (D:3)
  2 orcs (D:3)
  2 giant cockroaches (D:1)
  9 goblins
  8 hobgoblins
  2 jackals (D:2)
  7 bats
  5 giant newts
  39 kobolds
  5 rats
90 creatures vanquished.

Notes
Turn   | Place    | Note
--------------------------------------------------------------
     0 | D:1      | epen, the Tengu Berserker, began the quest for the Orb.
     0 | D:1      | Reached XP level 1. HP: 14/14 MP: 1/1
   168 | D:1      | Reached XP level 2. HP: 19/19 MP: 3/3
   464 | D:1      | Acquired Trog's second power
   468 | D:1      | Reached XP level 3. HP: 15/23 MP: 4/4
   856 | D:1      | Reached skill level 4 in Long Blades
  1161 | D:2      | Found a glowing silver altar of Zin.
  1169 | D:2      | Found a glowing golden altar of the Shining One.
  1251 | D:2      | Found a white marble altar of Elyvilon.
  1694 | D:2      | Found a burning altar of Makhleb.
  1700 | D:2      | Reached XP level 4. HP: 26/28 MP: 5/5
  1996 | D:3      | Found a basalt altar of Yredelemnul.
  2357 | D:3      | Reached XP level 5. HP: 22/32 MP: 7/7
  2451 | D:3      | Noticed a big kobold
  2458 | D:3      | Killed a big kobold
  2458 | D:3      | Reached skill level 5 in Long Blades
  2687 | D:3      | Noticed a big kobold
  2697 | D:3      | Killed a big kobold
  2697 | D:3      | Reached XP level 6. HP: 36/38 MP: 8/8
  2878 | D:3      | Noticed a big kobold
  2878 | D:3      | Noticed a big kobold
  2902 | D:3      | Killed a big kobold
  2909 | D:3      | Slain by a big kobold

Action                   |  1- 3 |  4- 6 || total
-------------------------+-------+-------++-------
Melee: Falchion          |    92 |    91 ||   183
Throw: Dart              |     1 |     4 ||     5
Invok: Berserk           |       |     4 ||     4
